[gd_scene load_steps=5 format=2]

[ext_resource path="res://Assets/img/UI/panel_blue.png" type="Texture" id=1]
[ext_resource path="res://Assets/img/UI/buttonLong_beige.png" type="Texture" id=2]
[ext_resource path="res://Assets/img/UI/buttonLong_beige_pressed.png" type="Texture" id=3]
[ext_resource path="res://Scenes/SupportScenes/LoginScreen.gd" type="Script" id=4]


[node name="LoginScreen" type="Control"]
anchor_right = 1.0
anchor_bottom = 1.0
script = ExtResource( 4 )
__meta__ = {
"_edit_use_anchors_": false
}

[node name="ColorRect" type="ColorRect" parent="."]
anchor_right = 1.0
anchor_bottom = 1.0
color = Color( 0, 0, 0, 0.196078 )
__meta__ = {
"_edit_use_anchors_": false
}

[node name="NinePatchRect" type="NinePatchRect" parent="."]
anchor_left = 0.5
anchor_top = 0.5
anchor_right = 0.5
anchor_bottom = 0.5
margin_left = -160.5
margin_top = -179.5
margin_right = 160.5
margin_bottom = 179.5
texture = ExtResource( 1 )
patch_margin_left = 10
patch_margin_top = 31
patch_margin_right = 10
patch_margin_bottom = 23
__meta__ = {
"_edit_use_anchors_": false
}

[node name="LoginScreen" type="VBoxContainer" parent="NinePatchRect"]
anchor_right = 1.0
anchor_bottom = 1.0
margin_left = 30.0
margin_top = 50.0
margin_right = -30.0
margin_bottom = -30.0
__meta__ = {
"_edit_use_anchors_": false
}

[node name="Title" type="Label" parent="NinePatchRect/LoginScreen"]
margin_right = 261.0
margin_bottom = 14.0
text = "Please login"
align = 1
valign = 1

[node name="MarginContainer" type="MarginContainer" parent="NinePatchRect/LoginScreen"]
margin_top = 18.0
margin_right = 261.0
margin_bottom = 48.0
rect_min_size = Vector2( 0, 30 )

[node name="UsernameTitle" type="Label" parent="NinePatchRect/LoginScreen"]
margin_top = 52.0
margin_right = 261.0
margin_bottom = 66.0
text = "Username"

[node name="Username" type="LineEdit" parent="NinePatchRect/LoginScreen"]
margin_top = 70.0
margin_right = 261.0
margin_bottom = 94.0
text = "Test"

[node name="PasswordTitle" type="Label" parent="NinePatchRect/LoginScreen"]
margin_top = 98.0
margin_right = 261.0
margin_bottom = 112.0
text = "Password"

[node name="Password" type="LineEdit" parent="NinePatchRect/LoginScreen"]
margin_top = 116.0
margin_right = 261.0
margin_bottom = 140.0
text = "Test123"

[node name="MarginContainer2" type="MarginContainer" parent="NinePatchRect/LoginScreen"]
margin_top = 144.0
margin_right = 261.0
margin_bottom = 174.0
rect_min_size = Vector2( 0, 30 )

[node name="LoginButton" type="TextureButton" parent="NinePatchRect/LoginScreen"]
margin_left = 70.0
margin_top = 178.0
margin_right = 190.0
margin_bottom = 208.0
rect_min_size = Vector2( 120, 30 )
size_flags_horizontal = 4
texture_normal = ExtResource( 2 )
texture_pressed = ExtResource( 3 )
texture_disabled = ExtResource( 3 )
expand = true

[node name="Label" type="Label" parent="NinePatchRect/LoginScreen/LoginButton"]
anchor_left = 0.5
anchor_top = 0.5
anchor_right = 0.5
anchor_bottom = 0.5
margin_left = -20.0
margin_top = -7.0
margin_right = 20.0
margin_bottom = 7.0
text = "Login"
align = 1
valign = 1
__meta__ = {
"_edit_use_anchors_": false
}

[node name="CreateAccountButton" type="TextureButton" parent="NinePatchRect/LoginScreen"]
margin_left = 70.0
margin_top = 212.0
margin_right = 190.0
margin_bottom = 242.0
rect_min_size = Vector2( 120, 30 )
size_flags_horizontal = 4
texture_normal = ExtResource( 2 )
texture_pressed = ExtResource( 3 )
texture_disabled = ExtResource( 3 )
expand = true

[node name="Label" type="Label" parent="NinePatchRect/LoginScreen/CreateAccountButton"]
anchor_left = 0.5
anchor_top = 0.5
anchor_right = 0.5
anchor_bottom = 0.5
margin_left = -48.5
margin_top = -7.0
margin_right = 48.5
margin_bottom = 7.0
text = "Create Account"
align = 1
valign = 1
__meta__ = {
"_edit_use_anchors_": false
}

[node name="CreateAccount" type="VBoxContainer" parent="NinePatchRect"]
visible = false
anchor_right = 1.0
anchor_bottom = 1.0
margin_left = 30.0
margin_top = 30.0
margin_right = -30.0
margin_bottom = -30.0
__meta__ = {
"_edit_use_anchors_": false
}

[node name="Title" type="Label" parent="NinePatchRect/CreateAccount"]
margin_right = 261.0
margin_bottom = 14.0
text = "Create new account"
align = 1
valign = 1

[node name="MarginContainer" type="MarginContainer" parent="NinePatchRect/CreateAccount"]
margin_top = 18.0
margin_right = 261.0
margin_bottom = 58.0
rect_min_size = Vector2( 0, 40 )

[node name="UsernameTitle" type="Label" parent="NinePatchRect/CreateAccount"]
margin_top = 62.0
margin_right = 261.0
margin_bottom = 76.0
text = "Account name"

[node name="Username" type="LineEdit" parent="NinePatchRect/CreateAccount"]
margin_top = 80.0
margin_right = 261.0
margin_bottom = 104.0

[node name="PasswordTitle" type="Label" parent="NinePatchRect/CreateAccount"]
margin_top = 108.0
margin_right = 261.0
margin_bottom = 122.0
text = "Password"

[node name="Password" type="LineEdit" parent="NinePatchRect/CreateAccount"]
margin_top = 126.0
margin_right = 261.0
margin_bottom = 150.0

[node name="RepeatPasswordTitle" type="Label" parent="NinePatchRect/CreateAccount"]
margin_top = 154.0
margin_right = 261.0
margin_bottom = 168.0
text = "Repeat password"

[node name="RepeatPassword" type="LineEdit" parent="NinePatchRect/CreateAccount"]
margin_top = 172.0
margin_right = 261.0
margin_bottom = 196.0

[node name="MarginContainer2" type="MarginContainer" parent="NinePatchRect/CreateAccount"]
margin_top = 200.0
margin_right = 261.0
margin_bottom = 220.0
rect_min_size = Vector2( 0, 20 )

[node name="ConfirmButton" type="TextureButton" parent="NinePatchRect/CreateAccount"]
margin_left = 70.0
margin_top = 224.0
margin_right = 190.0
margin_bottom = 254.0
rect_min_size = Vector2( 120, 30 )
size_flags_horizontal = 4
texture_normal = ExtResource( 2 )
texture_pressed = ExtResource( 3 )
texture_disabled = ExtResource( 3 )
expand = true

[node name="Label" type="Label" parent="NinePatchRect/CreateAccount/ConfirmButton"]
anchor_left = 0.5
anchor_top = 0.5
anchor_right = 0.5
anchor_bottom = 0.5
margin_left = -25.0
margin_top = -7.0
margin_right = 25.0
margin_bottom = 7.0
text = "Confirm"
align = 1
valign = 1
__meta__ = {
"_edit_use_anchors_": false
}

[node name="BackButton" type="TextureButton" parent="NinePatchRect/CreateAccount"]
margin_left = 70.0
margin_top = 258.0
margin_right = 190.0
margin_bottom = 288.0
rect_min_size = Vector2( 120, 30 )
size_flags_horizontal = 4
texture_normal = ExtResource( 2 )
texture_pressed = ExtResource( 3 )
texture_disabled = ExtResource( 3 )
expand = true

[node name="Label" type="Label" parent="NinePatchRect/CreateAccount/BackButton"]
anchor_left = 0.5
anchor_top = 0.5
anchor_right = 0.5
anchor_bottom = 0.5
margin_left = -25.0
margin_top = -7.0
margin_right = 25.0
margin_bottom = 7.0
text = "Back"
align = 1
valign = 1
__meta__ = {
"_edit_use_anchors_": false
}
[connection signal="pressed" from="NinePatchRect/LoginScreen/LoginButton" to="." method="_on_LoginButton_pressed"]
[connection signal="pressed" from="NinePatchRect/LoginScreen/CreateAccountButton" to="." method="_on_CreateAccountButton_pressed"]
[connection signal="pressed" from="NinePatchRect/CreateAccount/ConfirmButton" to="." method="_on_ConfirmButton_pressed"]
[connection signal="pressed" from="NinePatchRect/CreateAccount/BackButton" to="." method="_on_BackButton_pressed"]
